 Dungeon Crawl Stone Soup version 0.29.1-1-gd02db6906a (webtiles) character file.

Game seed: 11094515099913564427

2147 MisterFreud the Cruncher (level 9, -1/68 HPs)
             Began as a Formicid Gladiator on Oct 10, 2022.
             Slain by a vampire mosquito (8 damage)
             ... on level 6 of the Dungeon.
             The game lasted 00:09:40 (7863 turns).

MisterFreud the Cruncher (Formicid Gladiator)       Turns: 7863, Time: 00:09:41

Health: -1/68      AC: 10    Str: 22    XL:     9   Next: 56%
Magic:  9/9        EV: 11    Int:  7    God:
Gold:   287        SH:  0    Dex: 17    Spells: 8/8 levels left

rFire   . . .      SeeInvis +   k - +2 quarterstaff (drain)
rCold   . . .      Faith    .   (no shield)
rNeg    . . .      Spirit   .   e - +0 scale mail
rPois   .          Reflect  .   (helmet unavailable)
rElec   .          Harm     .   (no cloak)
rCorr   .          Rampage  .   (no gloves)
Will    .....                   r - +2 pair of boots
Stlth   ..........              (no amulet)
HPRegen 0.21/turn               (no ring)
MPRegen 0.11/turn               (no ring)

@: no status effects
A: permanent stasis, dig shafts and tunnels, antennae 3, four strong arms
a: Dig, Shaft Self


You were on level 6 of the Dungeon.
You visited 2 branches of the dungeon, and saw 8 of its levels.
You also visited: Sewer.

You collected 330 gold pieces.
You spent 43 gold pieces at shops.

Inventory:

Hand Weapons
 k - a +2 quarterstaff of draining (weapon)
Missiles
 b - a curare-tipped dart
 c - 2 throwing nets (quivered)
 d - a javelin
 o - a boomerang of dispersal
 p - 4 boomerangs
Armour
 e - a +0 scale mail (worn)
 r - a +2 pair of boots (worn)
Scrolls
 a - 2 scrolls of fog
 l - 2 scrolls of amnesia
Potions
 f - a potion of mutation
 h - 3 potions of curing
 i - a potion of flight
 j - 3 potions of brilliance
 m - a potion of invisibility {unknown}
 n - a potion of might {unknown}
 q - a potion of heal wounds {unknown}
Miscellaneous
 g - a phantom mirror


   Skills:
 - Level 5.0 Fighting
 - Level 10.0 Staves
 - Level 2.0 Throwing
 - Level 5.0 Armour
 - Level 2.6 Dodging
 + Level 4.1 Evocations


You had 8 spell levels left.
You didn't know any spells.
Your spell library contained the following spells:

 Spells                   Type           Power      Damage    Failure   Level
 Ensorcelled Hibernation  Hex/Ice        0%         N/A       86%         2
 Conjure Flame            Conj/Fire      0%         6-21      98%         3
 Ignite Poison            Fire/Tmut/Pois 0%         N/A       98%         3
 Spider Form              Tmut/Pois      0%         N/A       98%         3
 Anguish                  Hex/Necr       0%         N/A       100%        4
 Sticky Flame             Conj/Fire      0%         2d3       100%        4
 Fireball                 Conj/Fire      0%         3d3       100%        5
 Starburst                Conj/Fire      0%         6d3       100%        6
 Ignition                 Fire           0%         3d3       100%        8


Dungeon Overview and Level Annotations

Branches:
Dungeon (7/15)             Temple (1/1) D:5           Sewer (visited)

Altars:
Ashenzari
Cheibriados
Dithmenos
Elyvilon
Fedhas
Gozag
Hepliaklqana
Kikubaaqudgha
Makhleb
Nemelex Xobeh
Okawaru
Qazlal
Ru
Sif Muna
Uskayaw
Vehumet
Wu Jian
Xom
Zin
The Shining One

Shops:
D:4 *


Innate Abilities, Weirdness & Mutations

You cannot be hasted, slowed, berserked, paralysed or teleported.
You can dig through walls and to a lower floor.
You have a pair of large antennae on your head. (SInv)
Your four strong arms can wield two-handed weapons with a shield.


Message History

Unknown command.
The vampire mosquito bites you.
The vampire mosquito draws strength from your injuries!
You sock the vampire mosquito!
The vampire mosquito is heavily damaged.
The vampire mosquito closely misses you.
You hit the vampire mosquito.
The vampire mosquito is heavily damaged.
The vampire mosquito barely misses you. The vampire mosquito bites you!
The vampire mosquito draws strength from your injuries!
You closely miss the vampire mosquito.
The vampire mosquito is lightly damaged.
The vampire mosquito bites you but does no damage.
You miss the vampire mosquito.
The vampire mosquito is lightly damaged.
The vampire mosquito misses you.
The vampire mosquito closely misses you.
You closely miss the vampire mosquito.
The vampire mosquito is lightly damaged.
The vampire mosquito bites you.
* * * LOW HITPOINT WARNING * * *
The vampire mosquito draws strength from your injuries!
You closely miss the vampire mosquito.
The vampire mosquito is lightly damaged.
The vampire mosquito bites you but does no damage.
The vampire mosquito bites you.
* * * LOW HITPOINT WARNING * * *
The vampire mosquito draws strength from your injuries!
You barely miss the vampire mosquito. The vampire mosquito barely misses you.
Are you sure you want to shaft yourself?
The vampire mosquito bites you.
* * * LOW HITPOINT WARNING * * *
The vampire mosquito draws strength from your injuries!
The vampire mosquito bites you.
* * * LOW HITPOINT WARNING * * *
The vampire mosquito draws strength from your injuries!
You begin to dig a shaft.
You continue digging a shaft.
The vampire mosquito bites you but does no damage.
The vampire mosquito bites you!
You die...

###+#######....##
#..# #....{# ####..#
##### #...{.# ##.#
##>## #...{{# #.##
8[..8 #.....# #..#
..... #.....#
######.# .....
#.....# #..o...#
#..... #.# #..#y#..#
####y# #.##@##.##
##..... #..zo#
..#...#..# _.....
#...o#####.#######.#
#.....
#..........#...†.#.##
8...8
#....####..#.....'..#
##8## #....#
#.#########.# #####
#....# #.#...... #.#
#.## ####.# #.'......
#.# #...
#.####.#...... #.#
####


You could see a vampire mosquito and an orc wizard.

Vanquished Creatures
  Grinder (D:3)
  A vampire (D:6)
  A steam dragon (D:6)
  Menkaure (D:7)
  A sky beast (D:6)
  An ice beast (D:6)
  2 ogres
  A centaur (D:5)
  A phantom (D:6)
  A kobold brigand (D:5)
  2 bullfrogs
  A necrophage (D:6)
  3 scorpions
  A howler monkey (D:5)
  A jelly (D:5)
  4 hounds
  3 iguanas
  An orc wizard (D:6)
  4 gnolls (D:4)
  11 adders
  A shadow imp (D:6)
  An ufetubus (D:6)
  3 dart slugs
  8 orcs
  21 ball pythons
  11 endoplasms
  13 giant cockroaches
  8 goblins
  5 hobgoblins
  7 jackals
  11 quokkas
  10 bats
  13 frilled lizards
  15 kobolds
  6 rats
175 creatures vanquished.

Notes
Turn   | Place    | Note
-------+----------+-------------------------------------------
     0 | D:1      | MisterFreud the Formicid Gladiator began the quest for the
                  | Orb.
     0 | D:1      | Reached XP level 1. HP: 16/16 MP: 1/1
   193 | D:1      | Reached XP level 2. HP: 18/22 MP: 2/2
   647 | D:1      | Found a faded altar of an unknown god.
   658 | D:1      | Reached skill level 4 in Staves
   658 | D:1      | Reached XP level 3. HP: 15/27 MP: 3/3
  1702 | D:2      | Found an iron altar of Okawaru.
  1723 | D:2      | Reached XP level 4. HP: 33/33 MP: 4/4
  2027 | D:2      | Reached skill level 5 in Staves
  2477 | D:3      | Noticed Grinder
  2503 | D:3      | Killed Grinder
  2504 | D:3      | Reached skill level 6 in Staves
  2504 | D:3      | Reached XP level 5. HP: 22/41 MP: 5/5
  2504 | D:3      | Reached XP level 6. HP: 25/47 MP: 6/6
  3408 | D:4      | Found Emuyst's Assorted Antiques.
  3415 | D:4      | Bought a scroll labelled QOEP TUSMOUS for 23 gold pieces
  3415 | D:4      | Bought a white potion for 20 gold pieces
  3627 | D:4      | Reached XP level 7. HP: 53/53 MP: 7/7
  3694 | D:4      | You fall into a shaft and drop 2 floors!
  3940 | D:6      | Reached skill level 5 in Fighting
  4040 | D:6      | Reached skill level 5 in Armour
  4040 | D:6      | Reached XP level 8. HP: 62/62 MP: 8/8
  4180 | D:6      | You fall into a shaft and drop 1 floor!
  4343 | D:7      | Noticed Menkaure
  4349 | D:7      | Killed Menkaure
  4350 | D:7      | Reached skill level 7 in Staves
  4686 | D:6      | Noticed a vampire
  4750 | D:5      | Entered Level 5 of the Dungeon
  4848 | D:5      | Found a glowing drain.
  4870 | Sewer    | Entered a sewer
  5732 | D:4      | Reached skill level 8 in Staves
  6030 | D:5      | Found a staircase to the Ecumenical Temple.
  6049 | Temple   | Entered the Ecumenical Temple
  6464 | D:5      | Found a broken altar of Ashenzari.
  6472 | D:5      | Reached XP level 9. HP: 48/68 MP: 9/9
  6775 | D:5      | Reached skill level 9 in Staves
  7097 | D:5      | Found an opulent altar of Gozag.
  7557 | D:6      | Found a shimmering blue altar of Sif Muna.
  7558 | D:6      | Found a sparkling altar of Nemelex Xobeh.
  7682 | D:6      | Reached skill level 10 in Staves
  7682 | D:6      | Reached skill level 1 in Evocations
  7863 | D:6      | Slain by a vampire mosquito

Illustrated notes

Levels and vault maps discovered:
D:1:      dpeg_arrival_oval, layout_basic, shapermc_ecumenical_altar_pompeii
D:2:      layout_loops_ring, basic_altar, kennysheep_generic_room_2
D:3:      layout_basic, uniq_grinder
D:4:      layout_basic, serial_shops, shop
D:5:      layout_cave_pods, evilmike_ruin_ashenzari, general_overflow_altar,
          minmay_temple_entry_statues_fountains, portal_sewer_entry_f
D:6:      layout_basic, nicolae_overflow_hidden_temple, minmay_divided_ellipse
D:7:      minmay_general_purpose_star, layout_layer_cave,
          dilly_guarded_unrand_throatcut, uniq_menkaure, uniq_duvessa
Temple:   minmay_temple_bridge_d

Skill      XL: |  1  2  3  4  5  6  7  8  9 |
---------------+----------------------------+-----
Staves         | 4 6 8 10 | 10.0
Fighting       | 3 5 |  5.0
Armour         | 2 5 |  5.0
Evocations     | 4 |  4.1
Throwing       | |  2.0
Dodging        | |  2.6

Action                   |  1- 3 |  4- 6 |  7- 9 || total
-------------------------+-------+-------+-------++-------
Melee: Quarterstaff      |    67 |   129 |   340 ||   536
       Punch             |       |     1 |     5 ||     6
Throw: Throwing net      |       |     3 |       ||     3
       Javelin           |       |     1 |       ||     1
 Abil: Shaft Self        |       |       |     2 ||     2
  Use: Scroll            |     2 |     2 |     9 ||    13
       Potion            |       |       |     1 ||     1
 Stab: Sleeping          |     1 |       |       ||     1
       Held in net/web   |       |     1 |       ||     1
Armor: Leather armour    |    10 |       |       ||    10
       Scale mail        |     6 |    44 |   158 ||   208
Dodge: Dodged            |    29 |    67 |   222 ||   318
